AoeStats
← cairat21

Arena

504289803Analyzed
3v3 RM · 28d ago on Sep 4, 2026· 55m 31s· 6 players
Game mode
Random Map
Map size
Normal (6 player)
Population
200
Speed
Normal
Resources
Standard
Victory
Conquest
Starting age
Dark Age
Ending age
Imperial Age
RankedLock teamsTeams togetherTeam positionsShared explorationLock speedFull tech treeHidden civsTurbo modeCheats
Victory
Defeat
🇩🇪 Hindustanis · Germany
837
+10
🇩🇪 Britons · Germany
760
+13
🇩🇪 Franks · Germany
740
+25
🇵🇱 Poles · Poland
773
-16
🇦🇩 Khmer · Andorra
697
-12
🇨🇦 Franks · Canada
615
-9
cairat21
16:15 Feudal Age
17:33 Wheelbarrow
19:25 Double-Bit Axe
21:24 Fletching
21:40 Padded Archer Armor
24:15 Castle Age
27:30 Bodkin Arrow
28:37 Pikeman
29:02 Horse Collar
29:35 Bow Saw
30:44 Hand Cart
31:52 Husbandry
31:54 Gold Mining
31:56 Stone Mining
32:52 Crossbowman
38:54 Gold Shaft Mining
42:50 Leather Archer Armor
42:42 Scale Barding Armor
42:55 Town Watch
45:31 Chain Barding Armor
49:12 Fervor
49:40 Tusk Swords
55:11 Imperial Age
53:43 Elite Skirmisher
juliens_23
11:12 Feudal Age
13:05 Double-Bit Axe
13:20 Gold Mining
19:17 Castle Age
17:47 Stone Mining
20:15 Bow Saw
21:57 Gold Shaft Mining
32:52 Pikeman
33:33 Squires
35:24 Caravan
37:43 Husbandry
43:19 #83
45:36 Imperial Age
43:46 Wheelbarrow
45:46 Halberdier
46:34 Cavalier
53:32 Heavy Scorpion
Cherr
11:07 Feudal Age
14:23 Horse Collar
14:30 Double-Bit Axe
14:43 Gold Mining
21:47 Castle Age
21:25 Fletching
22:46 Heavy Plow
22:09 Pikeman
22:12 Crossbowman
23:39 Scale Barding Armor
23:46 Bow Saw
24:47 Wheelbarrow
24:34 Stone Mining
26:15 Szlachta Privileges
27:29 Bloodlines
27:01 Light Cavalry
29:49 Husbandry
30:15 Chain Barding Armor
32:24 Hand Cart
37:03 Imperial Age
36:16 Caravan
37:15 Forging
37:06 Scale Mail Armor
37:26 Cavalier
38:07 Bodkin Arrow
39:38 Conscription
41:55 Hoardings
41:46 Elite Skirmisher
42:50 Town Watch
43:00 Capped Ram
43:58 Town Patrol
48:32 Ballistics
55:19 Thumb Ring
Siggos
3:00 Loom
11:34 Feudal Age
16:38 Castle Age
14:31 Double-Bit Axe
14:44 Horse Collar
16:58 Bloodlines
18:13 Scale Barding Armor
18:52 Forging
19:15 Fletching
25:23 Wheelbarrow
24:53 Town Watch
26:52 Iron Casting
27:36 Chain Barding Armor
28:26 Ballistics
28:16 Fortified Wall
28:14 Husbandry
31:42 Hand Cart
31:39 Heavy Plow
32:22 Bodkin Arrow
32:48 Scale Mail Armor
33:29 Padded Archer Armor
33:38 Town Patrol
37:24 Imperial Age
35:34 Leather Archer Armor
35:48 Light Cavalry
37:25 Heavy Camel Rider
38:43 Plate Barding Armor
38:39 Ring Archer Armor
39:12 Chemistry
38:38 Shatagni
39:14 Hoardings
40:57 Blast Furnace
39:57 Bracer
39:54 Siege Elephant
41:32 Conscription
42:51 Squires
43:01 Imperial Camel Rider
46:59 Elite Ghulam
47:55 Chain Mail Armor
49:55 Grand Trunk Road
52:17 Arson
53:47 Hussar
HAVE A NICE DAY
1:38 Loom
12:27 Feudal Age
13:12 Double-Bit Axe
14:04 Wheelbarrow
13:14 Horse Collar
21:28 Castle Age
20:48 Padded Archer Armor
21:41 Fletching
21:45 Crossbowman
24:11 Heavy Plow
24:30 Bow Saw
24:12 Gold Mining
25:08 Squires
24:55 Arson
25:53 Elite Skirmisher
26:30 Bodkin Arrow
27:44 Leather Archer Armor
29:35 Town Watch
30:06 Hand Cart
30:05 Pikeman
31:54 Gold Shaft Mining
35:52 Imperial Age
35:02 Stone Mining
35:36 Husbandry
36:49 Bracer
37:17 Ballistics
38:13 Conscription
39:30 Warwolf
40:09 Ring Archer Armor
40:54 Two-Man Saw
39:46 Arbalester
40:48 Fortified Wall
41:53 Hoardings
42:43 Caravan
43:14 Coinage
46:35 Cavalier
51:00 Halberdier
54:55 Banking
55:15 Forging
55:07 Scale Mail Armor
55:05 Heated Shot
55:35 Guilds
SIN_Crowo
9:23 Loom
11:32 Feudal Age
13:11 Double-Bit Axe
19:47 Castle Age
18:38 Scale Barding Armor
19:44 Gold Mining
20:49 Bow Saw
27:43 Gold Shaft Mining
27:00 Stone Mining
27:37 Chain Barding Armor
35:26 Imperial Age
34:30 Wheelbarrow
35:59 Caravan
36:42 Cavalier
41:01 Pikeman
44:16 Elite Throwing Axeman
44:22 Paladin
47:47 Halberdier
51:06 Plate Barding Armor
55:38 Fortified Wall
55:44 Masonry
Connection lost

Rejoining the realm…

Still unreachable

The connection could not be restored.

Session expired

The server has moved on; the page needs a fresh start.